Description

Standard Macro Build against Terran

Check @ 7 Minutes: 2 Colossus - 12 stalkers - 3 sentrys - 63 workers (going to 66) - 1 Colossus in prod. @ 7 Min: good timing for attack (support then with warp prism and chargelots)

  • Stay defensive until first attack is defended
  • 1st Adept defends Lowground, 1st Stalker defends Highground
  • 3rd Nexus is a little bit later for the sake of more army
  • 3 Observers help to get an overview over the battlefield Follow up build order with 2nd Forge or Templar Archives

VOD

https://www.youtube.com/watch?v=hMLi2-l-FLg&t=266s

Build Order

Get SALT Encoding   

  14  0:17  Pylon  Lowground or close to gas 1st
  16  0:40  Gateway  in wall if Pylon lowground
  17  0:47  Assimilator  
  20  1:30  Nexus  
  20  1:32  Cybernetics Core  
  21  1:41  Assimilator  
  22  1:51  Pylon  Close to gas 1st or lowground
  23  2:09  Adept  Chrono
  23  2:10  Warp Gate  
  26  2:19  Twilight Council  
  29  2:31  Stalker  Chrono possible
  36  3:07  Blink  Chrono
  37  3:16  Robotics Facility  in wall (only if not 1st Gateway there)
  39  3:22  Gateway x2  in wall
  42  3:37  Assimilator  
  42  3:39  Assimilator  
  42  3:42  Pylon  
  45  3:58  Pylon  Highground - outside to detect drops
  48  4:02  Stalker  
  48  4:03  Observer  scouts opponent's move out
  52  4:10  Pylon  
  55  4:21  Observer  Scouts boundary for drops
  57  4:25  Stalker x2  
  57  4:29  Forge  
  59  4:30  Robotics Bay  
  60  4:37  Observer  Scouts access to minerals
  60  4:49  Nexus  Probe is accompanied at least by Adept
  62  5:05  Pylon x2  
  66  5:11  Protoss Ground Armor Level 1  
  70  5:12  Pylon  
  72  5:15  Colossus  
  74  5:21  Sentry  
  76  5:34  Charge  
  76  5:44  Extended Thermal Lance  
  76  5:45  Gateway x2  
  84  5:55  Colossus  
  90  6:10  Stalker x5  
  96  6:18  Shield Battery  @3rd
  105  6:20  Sentry x2  
  112  6:54  Colossus  
Spawning Tool Build Advisor. Get it on Overwolf

Go to:

Details

  • Created by: Mhordwar
  • Published on: Dec 21, 2020
  • Modified on: Jan 01, 2021
  • Patch: 4.11.0
  • Difficulty: Medium
Show
View Real Time Build Order
Export as new Build Order

Comments (1)

On Dec. 27, 2020, 2:49 a.m., Maxgy  said:

Thanks for posting this; this blink first build has really been helping me out.

Create an account to comment!